AoeStats
← H. Bat'z

Arabia

509560680Analyzed
4v4 RM · 6d ago on Sep 27, 2026· 17m 39s· 8 players
Game mode
Random Map
Map size
Large (8 player)
Population
200
Speed
Normal
Resources
Standard
Victory
Conquest
Starting age
Dark Age
Ending age
Imperial Age
RankedLock teamsTeams togetherTeam positionsShared explorationLock speedFull tech treeHidden civsTurbo modeCheats
Victory
Defeat
🇲🇽 Varangians · Mexico
1366
+5
🇲🇽 Ethiopians · Mexico
1112
+14
🇲🇽 Wei · Mexico
767
+27
🇲🇽 Muisca · Mexico
757
+27
🇮🇳 Danes · India
1096
-19
🇨🇳 Varangians · China
1044
-18
🇨🇳 Mongols · China
1043
-18
🇨🇳 Lithuanians · China
1033
-18
踏天南
2:48 Loom
12:33 Feudal Age
13:47 Double-Bit Axe
18:01 Castle Age
PAON
0:27 Loom
10:30 Feudal Age
11:40 Horse Collar
11:47 Double-Bit Axe
メHANSメ
8:52 Loom
10:38 Feudal Age
15:55 Castle Age
2026
0:27 Loom
10:19 Feudal Age
14:45 Castle Age
16:47 Horse Collar
17:37 Husbandry
DarkSIde1405
5:41 Loom
8:58 Feudal Age
10:54 Scale Barding Armor
10:35 Horse Collar
14:27 Forging
16:11 Bloodlines
Humberto.sdk
7:55 Loom
10:52 Feudal Age
12:02 Double-Bit Axe
13:46 Horse Collar
14:32 Fletching
tails034
4:58 Loom
11:26 Feudal Age
11:53 Double-Bit Axe
12:10 Man-at-Arms
14:19 Arson
14:27 Horse Collar
18:53 Wheelbarrow
H. Bat'z
3:37 Loom
12:49 Feudal Age
14:23 Town Watch
14:15 Champi Runner
15:06 Horse Collar
15:16 Double-Bit Axe
17:19 Forging
Connection lost

Rejoining the realm…

Still unreachable

The connection could not be restored.

Session expired

The server has moved on; the page needs a fresh start.